[Event "Baku Open 2024"]
[Site "Baku"]
[Date "2024.07.02"]
[Round "4.13"]
[White "Pranav Vijay"]
[Black "Novozhilov, Semen"]
[Result "1-0"]
[ECO "C12"]
[WhiteElo "2252"]
[BlackElo "2288"]
[Annotator "NA RC"]
[PlyCount "87"]
[EventDate "2024.06.29"]
[EventType "swiss"]
[EventCountry "AZE"]
[SourceTitle "playchess.com"]
[Source "ChessBase"]
[SourceQuality "1"]
[TimeControl "5400+30"]

1. e4 e6 2. d4 d5 3. Nc3 Nf6 4. Bg5 h6 5. Bxf6 Qxf6 6. a3 c6 7. Nf3 Nd7 8. Bd3 Qd8 9. O-O Be7 10. Re1 O-O 11. Qe2 dxe4 12. Nxe4 c5 13. dxc5 Nxc5 14. Nxc5 Bxc5 15. Qe4 f5 16. Qe2 Qf6 17. c3 Bd6 18. Rad1 Bc7 19. Bc4 Re8 20. Nd4 Kh8 21. Nb5 Qe7 22. Nxc7 Qxc7 23. Bb5 Re7 24. Qe5 Qxe5 25. Rd8+ Kh7 26. Rxe5 Rc7 27. h4 Kg6 28. Rf8 Kh7 29. h5 g6 30. hxg6+ Kg7 31. Rd8 Kxg6 32. Re3 f4 33. Re4 b6 34. Bd3 Kg7 35. Rxf4 Bb7 36. Rg4+ Kf7 37. Rdd4 Rac8 38. Rdf4+ Ke7 39. Rg7+ Kd6 40. Rd4+ Bd5 41. Rg6 a5 42. Rxh6 Rg7 43. Be4 Rg5 44. f4 1-0

[Event "Baku Open 2024"]
[Site "Baku"]
[Date "2024.07.02"]
[Round "4.14"]
[White "Raahul V S"]
[Black "Abasov, Nijat"]
[Result "0-1"]
[ECO "E35"]
[WhiteElo "2314"]
[BlackElo "2621"]
[Annotator "TA"]
[PlyCount "60"]
[EventDate "2024.06.29"]
[EventType "swiss"]
[EventCountry "AZE"]
[SourceTitle "playchess.com"]
[Source "ChessBase"]
[SourceQuality "1"]
[TimeControl "5400+30"]

1. d4 Nf6 2. c4 e6 3. Nc3 Bb4 4. Qc2 d5 5. cxd5 exd5 6. Bg5 h6 7. Bh4 O-O 8. e3 Re8 9. Bd3 c5 10. dxc5 {[%emt 0:04:28] The position is equal.} g5 (10... Bxc5 11. Bxf6 Qxf6 12. Nxd5 $16) 11. Bg3 d4 12. O-O-O dxc3 13. Bh7+ $2 {[%emt 0:00:25] [#]} Nxh7 $19 14. Rxd8 Rxd8 15. bxc3 Bxc5 16. h4 g4 17. Ne2 Nc6 18. Bf4 Bf8 19. Nd4 Nxd4 20. exd4 Rd5 21. Re1 Bd7 22. Be5 (22. Re5 {keeps fighting.} Rd6 23. Qd3) 22... Rc8 23. f3 Ra5 24. fxg4 Be6 ({Don't take} 24... Bxg4 25. a4 $19) 25. Re3 $2 (25. a4) 25... Rxa2 {[%emt 0:01:24] Black is clearly winning.} 26. Qe4 Rc4 {[%emt 0:08:13] [#] ...Rca4 would now be deadly.} 27. Kd1 Rca4 28. g5 Rb2 {[%emt 0:04:04] ( -> ...Ra1+)} 29. Kc1 Rf2 30. Kb1 {[%emt 0:00:11] Dodges Ra1+} Bf5 {[%emt 0:00:19] White did not feel at home in the position after the opening.   Weighted Error Value: White=0.87/Black=0.03 (flawless) .  Loses game:     	White=1     	---        Mistake:       	White=2     	---        OK:         	White=6     	Black=10     Best:        	White=1     	Black=4} 0-1

[Event "Baku Open 2024"]
[Site "Baku"]
[Date "2024.07.02"]
[Round "4.15"]
[White "Mohamed Anees M"]
[Black "Iskandarov, Misratdin"]
[Result "1-0"]
[ECO "B32"]
[WhiteElo "2306"]
[BlackElo "2524"]
[Annotator "TA"]
[PlyCount "97"]
[EventDate "2024.06.29"]
[EventType "swiss"]
[EventCountry "AZE"]
[SourceTitle "playchess.com"]
[Source "ChessBase"]
[SourceQuality "1"]
[TimeControl "5400+30"]

1. e4 c5 2. Nf3 Nc6 3. d4 cxd4 4. Nxd4 e5 5. Nb5 d6 6. N1c3 a6 7. Na3 Be6 8. Nc4 b5 9. Ne3 Nf6 10. Bd3 Be7 11. O-O O-O 12. Ncd5 {[%emt 0:02:04] B32: Sicilian: Löwenthal and Kalashnikov Variations.} Nd7 13. c3 Nc5 14. Bc2 a5 $146 ({Black should play} 14... Bg5 $14) ({Predecessor:} 14... Bg5 15. Qe2 Bxd5 16. Nxd5 Ne6 17. g3 Bxc1 18. Raxc1 Ne7 19. Rcd1 Rb8 20. Kh1 Nxd5 21. Rxd5 b4 22. Bb3 bxc3 23. bxc3 Nc5 24. Rfd1 Nxb3 25. axb3 Rxb3 26. Rxd6 {½-½ Golubov,S (2339)-Potapov,P (2482) Pardubice Czech op-A 25th 2014 (3)}) 15. Nf5 $16 Bxf5 16. exf5 Bg5 (16... Bf6 $16 17. Be3 e4) 17. Qh5 $18 Bxc1 18. Raxc1 f6 19. b4 Nd7 20. Bb3 Kh8 21. Rfd1 $1 a4 22. Bc2 Ne7 (22... Rb8 $16 23. Be4 Na7) 23. Nxe7 Qxe7 24. Bd3 ({White should try} 24. Rd5 $18) 24... Rab8 $16 25. Qe2 d5 26. Bxb5 Nb6 27. a3 Rfd8 {[%emt 0:13:56] [#]} (27... Rbc8 $16) 28. c4 $1 $18 d4 (28... Nxc4 $16 {was worth a try.} 29. Bxc4 dxc4 30. Qxc4 (30. Rxc4 Qf7 $16) 30... h6) 29. Bc6 $18 Qc7 30. Qe4 Nc8 31. Bd5 (31. Bxa4 $6 Qa7 $16) (31. c5 Ne7 32. Bxa4 Ra8 $14) 31... Ne7 32. Be6 Nc8 33. Bxc8 Rdxc8 34. c5 Qf7 (34... h6 $142 35. f4 Kg8 36. fxe5 (36. Rd3 Rf8 $18) 36... fxe5) 35. f4 $18 Re8 36. fxe5 fxe5 37. c6 Qb3 38. c7 Rbc8 39. h3 Rxc7 40. Rxc7 Qxd1+ 41. Kh2 Qh5 42. b5 Qg5 43. Qxe5 Rd8 {[%emt 0:00:07] [#]} 44. Rd7 (44. b6 $142 $3 Rg8 (44... d3 45. b7) 45. b7 (45. Qxd4 Qxf5 46. b7 Qf8 $18) 45... Qf6 46. Qxf6 gxf6 47. Rc8 d3 48. b8=Q (48. b8=R Rxc8 49. Rxc8+ Kg7 50. Kg3 h6 51. Kh4 d2 52. Rd8 d1=B 53. Rxd1 Kh8) (48. Rxg8+ Kxg8 49. b8=Q+ Kf7 50. Qd8 d2 51. Qxd2 Ke8 52. Qd6 Kf7 53. Qe6+ Kf8) 48... Rxc8 49. Qxc8+ Kg7 50. Qd7+ (50. Qc7+ Kf8 51. Qd6+ Ke8 52. Qxf6 d2 53. Qe6+ Kd8 54. Qd6+ Kc8 55. Qxd2 Kc7) 50... Kf8 51. Kg3 (51. Qxa4 h6 52. Qd7 h5 53. Qxd3 Ke8 54. a4 Ke7 55. a5 Ke8) (51. Qxd3 Ke8 52. Qd6 Kf7 53. Qd7+ Kf8 54. Kg3 Kg8 55. Kh4 Kh8 56. Qe7 Kg8 57. Kh5 h6 58. Kxh6 Kh8 59. Qh7#)) 44... h6 45. Rxd4 ({And not} 45. Qxd4 Rxd7 46. Qxd7 Qf4+ 47. Kg1 Qe3+ 48. Kf1 Qxa3 $11) 45... Rxd4 46. Qxd4 Qxf5 47. b6 ({Inferior is} 47. Qxa4 Qe5+ 48. g3 Qe2+ (48... Qb2+ 49. Kg1 $11) 49. Kg1 Qe1+ 50. Kg2 Qe2+ 51. Kg1 Qe1+ 52. Kg2 Qe2+ 53. Kg1 $11) 47... Qb5 48. Qd8+ Kh7 49. Qc7 1-0

[Event "Baku Open 2024"]
[Site "Baku"]
[Date "2024.07.02"]
[Round "4.16"]
[White "Akhilbay, Imangali"]
[Black "Tsaruk, Maksim"]
[Result "1-0"]
[ECO "C54"]
[WhiteElo "2303"]
[BlackElo "2480"]
[Annotator "TA"]
[PlyCount "129"]
[EventDate "2024.06.29"]
[EventType "swiss"]
[EventCountry "AZE"]
[SourceTitle "playchess.com"]
[Source "ChessBase"]
[SourceQuality "1"]
[TimeControl "5400+30"]

1. e4 e5 2. Nf3 Nc6 3. Bc4 Bc5 4. c3 Nf6 5. d3 a6 6. a4 {[%emt 0:00:17] C54: Giuoco Piano: 4 c3 Nf6, main lines with 5 d4 and 5 d3.} Ba7 7. O-O h6 8. Re1 O-O 9. h3 d6 10. Nbd2 Re8 11. b4 Be6 12. Bxe6 Rxe6 13. Bb2 Nh5 14. b5 Nb8 $146 ({Predecessor:} 14... Ne7 15. d4 Nf4 16. Nf1 Neg6 17. Ng3 d5 18. c4 dxc4 19. d5 Re8 20. Bc3 Nd3 {0-1 George Samir,D (2003)-Minko,D (2298) Reykjavik Kvika op 2022 (4)}) 15. d4 Nf4 16. Nf1 Nd7 17. Bc1 Ng6 18. Ng3 Bb6 19. Be3 axb5 20. axb5 Re8 21. Qd2 Rxa1 22. Rxa1 Nf6 23. Re1 Ba5 24. Bxh6 gxh6 25. Nf5 Nh7 26. Nxh6+ Kg7 27. Nf5+ Kh8 28. Qa2 Bxc3 29. Rc1 exd4 30. Qxf7 Rg8 31. Nh6 Qf8 32. Qxg8+ Qxg8 33. Nxg8 Kxg8 34. Rd1 $1 Nf4 $1 (34... Nf6 35. Nxd4 Nxe4 36. Nf3 $17) 35. Kf1 Ne6 36. e5 d5 37. h4 Nhf8 38. Nh2 Kg7 39. g3 $1 Ng6 40. f4 Ne7 41. Kf2 Nf5 42. Kf3 (42. Nf1 $11) 42... Ne3 $1 $17 43. Rc1 {[%emt 0:00:12] [#]} Bd2 $1 44. Ra1 d3 45. Nf1 Nd4+ (45... Nxf1 46. Rxf1 Nd4+ 47. Kf2 Nxb5 48. Rd1 $11) 46. Kf2 Ng4+ (46... Bc3 $19 47. Kxe3 Bxa1 48. Kxd3 Nxb5) 47. Kg2 $17 Ne3+ (47... Bc3 $17 48. Ra2 Nxb5) 48. Kf2 $1 $19 {[%emt 0:00:20] [#]} Nxf1 $2 (48... Bc3 $1 $19 49. Kxe3 Bxa1 50. Kxd3 Nxb5) 49. Rxf1 $11 Nxb5 50. Rd1 Bc3 (50... Bb4 $11 51. Rxd3 Bc5+ 52. Kg2 Nd4) 51. Rxd3 $14 d4 52. f5 c5 53. Rf3 c4 54. f6+ $1 Kf8 $1 55. e6 $1 d3 56. e7+ $2 (56. Rf4 $1 $11 {and White has nothing to worry.}) 56... Kf7 $19 57. g4 $2 (57. Rf4 Nd6 (57... Bxf6 58. Rxf6+ Kxe7 59. Rf4 $16) 58. g4) 57... Bd4+ $4 (57... Bxf6 $2 {perishes.} 58. Rxf6+ Kxe7 59. Rf4 $18) (57... d2 $19 58. g5 Bxf6 (58... d1=B 59. g6+ Ke8 60. f7+ Kxe7 61. f8=Q+ Ke6 62. Re3+ Kd5 63. Rxc3)) 58. Ke1 $18 Bxf6 59. Rxf6+ Kxe7 60. Rf4 c3 61. Rf3 d2+ 62. Kd1 Ke6 63. h5 Kd5 64. h6 c2+ 65. Kxd2 1-0

[Event "Baku Open 2024"]
[Site "Baku"]
[Date "2024.07.02"]
[Round "4.17"]
[White "Khamdamova, Afruza"]
[Black "Babazada, Khazar"]
[Result "1/2-1/2"]
[ECO "B06"]
[WhiteElo "2291"]
[BlackElo "2468"]
[Annotator "TA"]
[PlyCount "58"]
[EventDate "2024.06.29"]
[EventType "swiss"]
[EventCountry "AZE"]
[SourceTitle "playchess.com"]
[Source "ChessBase"]
[SourceQuality "1"]
[TimeControl "5400+30"]

1. e4 g6 2. d4 Bg7 3. Nc3 d6 4. Nf3 a6 5. a4 Bg4 6. Bc4 e6 7. Be3 Nc6 8. Be2 {[%emt 0:04:33] The position is equal.} Nge7 9. O-O O-O 10. h3 Bxf3 11. Bxf3 f5 {[%emt 0:04:53] ...f4 would now be deadly.} 12. exf5 Nxf5 13. Bxc6 bxc6 14. Qd3 Rb8 15. b3 a5 16. Rad1 d5 17. Ne2 Qh4 (17... Qd6 $14) 18. Bf4 (18. Qd2 $16) 18... Rf7 19. Be5 (19. Qc3 $14) 19... Bxe5 $11 20. dxe5 Qb4 21. Qd2 Qb6 22. Nf4 c5 (22... Ng3 {is interesting.} 23. Rfe1 Rbf8 24. Kh2 Nf1+) 23. Kh2 Nd4 (23... Rbf8 $11) 24. Nd3 $1 $14 c4 (24... Rbf8 $14) 25. bxc4 $16 {[%emt 0:00:06] White is better.} dxc4 {[%emt 0:00:04] [#]} 26. Rb1 $1 Nb3 27. Qc3 Qa7 28. cxb3 (28. Qxc4 $2 Nd2 29. Qa2 (29. Rxb8+ $2 Qxb8 30. Qc3 Nxf1+ $19) 29... Nxb1 (29... Rxb1 30. Rxb1 Nxb1 31. Qxb1 $17) (29... Nxf1+ 30. Rxf1 Qa6 31. Re1 $17) 30. Rxb1 Rxb1 31. Qxb1 Qb6 $17) 28... cxd3 29. Qxd3 Qc5 {[%emt 0:02:49] Weighted Error Value: White=0.12 (very precise) /Black=0.16 (very precise) .  Mistake:       	White=2     	Black=3      Inaccurate:     	White=2     	Black=4      OK:         	White=7     	Black=8      Best:        	White=1     	Black=3      Strong:       	White=1     	---        Brilliant:      	White=1     	---} 1/2-1/2

[Event "Baku Open 2024"]
[Site "Baku"]
[Date "2024.07.02"]
[Round "4.18"]
[White "Shuvalova, Polina"]
[Black "Davidov, Samir"]
[Result "1-0"]
[ECO "B00"]
[WhiteElo "2467"]
[BlackElo "2244"]
[Annotator "TA"]
[PlyCount "131"]
[EventDate "2024.06.29"]
[EventType "swiss"]
[EventCountry "AZE"]
[SourceTitle "playchess.com"]
[Source "ChessBase"]
[SourceQuality "1"]
[TimeControl "5400+30"]

1. e4 b6 2. d4 Bb7 3. Nc3 e6 4. a3 a6 5. Bd3 d6 6. Nf3 {[%emt 0:04:43] B00: Queen's Fianchetto Defence, Nimzowitsch Defence.} h6 7. O-O Nd7 8. a4 $146 ({Predecessor:} 8. e5 dxe5 9. Nxe5 Nxe5 10. dxe5 Be7 11. Qh5 g6 12. Bxg6 fxg6 13. Qxg6+ Kd7 14. Rd1+ {1-0 Desfontaine,V (1620)-Diankha,A Cappelle Online Rapid op 2021 (2)}) 8... Ngf6 9. Qe2 e5 10. Be3 Be7 11. Rad1 O-O 12. dxe5 dxe5 13. Nh4 Ne8 14. Nf5 Nd6 15. Nxe7+ Qxe7 16. f3 a5 17. Qf2 Rad8 18. Rfe1 Nf6 19. b3 Qe6 20. Ne2 Rd7 21. c4 Rfd8 22. Nc3 Nc8 23. Bc2 Rxd1 24. Bxd1 Nd7 25. Nd5 Bxd5 26. exd5 Qd6 27. Bc2 Re8 28. h4 Ne7 29. Qg3 f5 30. Bc1 Qf6 (30... Rd8 $14) 31. Bb2 $1 $16 Ng6 $2 (31... Qf8 $16 {might work better.} 32. Bxe5 Nxd5) 32. h5 $18 Nh8 (32... Nf4 $2 33. Qxf4 Kf8 34. Qxf5 $18) 33. f4 Nf7 34. Qg6 (34. Re2 $18) 34... Nd6 $16 (34... Qh4 $2 35. g3 Qe7 36. Qxf5 $18 (36. Bxf5 Nf8 $18)) 35. fxe5 $1 Nxe5 36. Qxf6 gxf6 37. Kf1 Kf7 38. Bc1 Rg8 39. Bf4 Re8 40. g3 Kg7 41. Re2 Re7 42. Kg2 Re8 43. Bc1 Re7 44. Kf1 Re8 45. Ba3 Kf7 46. Bc1 Kg7 $1 47. Bb2 Kf7 48. Bc3 (48. Kg2 $1 $16) 48... Rg8 $14 49. Kf2 (49. c5 $14 bxc5 (49... Rxg3 $2 50. Bxe5 fxe5 51. cxd6 $18) 50. Bxa5) 49... Rg5 $1 $11 50. c5 Nb7 $2 (50... Ne4+ $1 $11 {and Black is okay.} 51. Bxe4 fxe4) 51. Bxe5 (51. d6 $1 $18 {[%cal Rd6c7] and the rest is easy.} cxd6 52. cxb6 Rxh5 53. Kg2) 51... fxe5 $16 52. cxb6 ({But not} 52. Rxe5 Nxc5 53. Rxf5+ (53. Bxf5 $2 {is the wrong capture.} Kf6 $19) 53... Rxf5+ 54. Bxf5 Kf6 $11) 52... e4 $2 ({Black should try} 52... cxb6 $14 53. Rxe5 Rxh5) 53. bxc7 $18 Nd6 54. Bd1 Rxh5 55. Ke3 $2 (55. Rxe4 Nxe4+ 56. Kg2) 55... Rh1 $18 56. Rd2 Ke7 57. g4 Kd7 58. gxf5 Nxf5+ 59. Kxe4 Nd6+ {[%emt 0:00:05] [#]} 60. Ke5 $1 Re1+ (60... Nf7+ $16 {was necessary.} 61. Kd4 Kxc7) 61. Be2 $18 Kxc7 62. Rc2+ Kd7 63. Kd4 Rg1 (63... h5 $142 64. Kc5 (64. Bxh5 Re4+ 65. Kc3 Rh4 $16) 64... Kc7 65. Bxh5 Rh1) 64. Rc5 $18 Rg2 65. Bd3 Nb7 {[%emt 0:03:12] [#]} 66. Ke4 $4 (66. Bf5+ $1 $18 Ke8 (66... Ke7 67. Rc7+) 67. Rc8+ Ke7 68. Rc7+ Kf6 69. Be4) 1-0

[Event "Baku Open 2024"]
[Site "Baku"]
[Date "2024.07.02"]
[Round "4.19"]
[White "Dolgun, Can"]
[Black "Agmanov, Zhandos"]
[Result "0-1"]
[ECO "B66"]
[WhiteElo "2264"]
[BlackElo "2464"]
[Annotator "TA"]
[PlyCount "98"]
[EventDate "2024.06.29"]
[EventType "swiss"]
[EventCountry "AZE"]
[SourceTitle "playchess.com"]
[Source "ChessBase"]
[SourceQuality "1"]
[TimeControl "5400+30"]

1. e4 c5 2. Nf3 d6 3. d4 cxd4 4. Nxd4 Nf6 5. Nc3 Nc6 6. Bg5 e6 7. Qd2 a6 8. f4 h6 9. Bxf6 Qxf6 10. Nf3 g5 11. fxg5 ({White should play} 11. g3 $11) 11... hxg5 $15 12. Qxg5 Qxg5 {[%emt 0:00:22] Black is slightly better.} 13. Nxg5 Bh6 14. Nf3 b5 {[%emt 0:01:01][%mdl 1024] Black has compensation.} 15. Bd3 Bb7 16. g4 Ke7 $36 {[%emt 0:11:58][%mdl 2048] Black has good play.} 17. h4 {[%emt 0:04:18] Black converts the advantage convincingly.} (17. Kf2 $11) 17... Rag8 $17 18. Rg1 (18. g5 $2 Bxg5 19. h5 (19. Nxg5 $2 Rxg5 20. Kd2 Rgh5 $19) 19... Bf6 $19) (18. Ke2 $17 {keeps fighting.}) 18... Be3 $19 19. Rg3 Nd4 20. a4 {[%emt 0:06:07] [#]} b4 $1 21. Na2 {[%emt 0:03:49] White is weak on the dark squares} (21. Ne2 $142 Nxf3+ 22. Rxf3 Rxh4 23. Rxe3 Rh1+ (23... Rhxg4 $2 24. a5 $18) 24. Ng1 Rxg1+ 25. Bf1) 21... Nxf3+ 22. Rxf3 Bc5 23. O-O-O Rxg4 (23... Rxh4 24. Rdf1 Rg7 (24... Rgxg4 $2 25. Rxf7+ Ke8 26. Rxb7 $18) 25. g5) 24. c3 bxc3 (24... Bxe4 25. Bxe4 Rxe4 26. cxb4 Bxb4 27. Nxb4 Rxb4 28. b3 $19) (24... Rgxh4 $2 25. cxb4 Bd4 (25... Bxe4 26. Bxe4 Bxb4 27. Nxb4 $18) 26. Nc3 $19 (26. Bxa6 $2 Bxe4 $19)) 25. b4 Ba7 (25... Bxe4 26. Bxe4 Bxb4 27. Nxb4 $11 (27. Nxc3 $2 Rc8 $19)) 26. Bc2 Rhxh4 (26... Rgxh4 27. Rdf1 Rf8 (27... Bxe4 28. Rxf7+ Ke8 29. Rxa7 $16) (27... f5 $2 28. Rxc3 Rh1 29. Rd1 $19) 28. Rxc3) 27. Rxc3 Bb8 {[%emt 0:00:21][%cal Og4g2] Against Rc7+} ({Stronger than} 27... Bxe4 28. Rc7+ Kf6 29. Rxa7 Bxc2 30. Kxc2 Rg2+ 31. Kb1 $14) 28. b5 a5 (28... Bxe4 29. Nb4 $17) 29. b6 Rh2 30. Re1 Rgg2 {[%emt 0:01:48] And now ...d5 would win.} 31. Kb1 d5 32. exd5 Bxd5 33. Nc1 Bg3 34. Rd1 Be5 35. Rc5 Bd6 {[%emt 0:01:02] A strong pair of Bishops.} 36. Rc3 Rg8 37. Nb3 Rb8 38. Nxa5 $2 (38. Rxd5 exd5 39. Rc6) 38... Rxb6+ 39. Nb3 Be5 40. Rxd5 Bxc3 41. Rd3 {[%emt 0:00:42] [#]} Rxb3+ 42. Bxb3 {[%emt 0:00:02][%mdl 4096] Endgame. KRB-KRB} Rb2+ 43. Kc1 Rxb3 {[%emt 0:00:04] KRB-KR} 44. Kc2 Ra3 45. Rxc3 Rxc3+ {[%emt 0:00:19] Black mates.} 46. Kxc3 Kd6 47. Kd4 f5 48. a5 e5+ 49. Kc4 Kc6 {[%emt 0:05:25] Weighted Error Value: White=0.73/Black=0.14 (very precise) .  Mistake:       	White=5     	---        Inaccurate:     	White=2     	Black=1      OK:         	White=13    	Black=10     Best:        	---       	Black=3      Strong:       	---       	Black=1} 0-1

[Event "Baku Open 2024"]
[Site "Baku"]
[Date "2024.07.02"]
[Round "4.20"]
[White "Jubin Jimmy"]
[Black "Serikbay, Assel"]
[Result "1-0"]
[ECO "A14"]
[WhiteElo "2452"]
[BlackElo "2217"]
[Annotator "TA"]
[PlyCount "51"]
[EventDate "2024.06.29"]
[EventType "swiss"]
[EventCountry "AZE"]
[SourceTitle "playchess.com"]
[Source "ChessBase"]
[SourceQuality "1"]
[TimeControl "5400+30"]

1. c4 Nf6 2. g3 e6 3. Bg2 d5 4. Nf3 Be7 5. O-O O-O 6. b3 d4 7. e3 c5 8. Ne5 {[%emt 0:01:11] Dodges Nc6} Qc7 9. f4 Bd6 (9... Nc6 $11 {keeps the balance.}) 10. Nd3 {[%emt 0:08:17] White is more active.} dxe3 (10... Bd7 $14) 11. dxe3 $16 e5 12. Bb2 Ng4 13. Qd2 exf4 14. gxf4 f5 (14... Nc6 $16 {might work better.} 15. Nc3 Qd8) 15. Nc3 $18 Rd8 (15... Nc6 {was necessary.} 16. Nf2 Nxf2 17. Rxf2 (17. Qxf2 Be6 $18) 17... Qe7) 16. Nd5 Qf7 17. h3 Nh6 18. Rf3 Nc6 19. Rg3 Bf8 20. Qc3 Kh8 21. Kh2 Be6 {[%emt 0:05:53] [#]} 22. Nxc5 $1 {[%emt 0:03:27][%mdl 512] White is clearly winning.} Ng4+ (22... Bc8 23. Rg1) 23. hxg4 Bxc5 24. gxf5 Bxd5 25. Qxg7+ Qxg7 26. Bxg7+ {[%emt 0:00:07] Weighted Error Value: White=0.03 (flawless) /Black=0.48.  Mistake:       	---       	Black=4      Inaccurate:     	White=1     	Black=1      OK:         	White=9     	Black=4      Best:        	White=1     	---} 1-0

[Event "Baku Open 2024"]
[Site "Baku"]
[Date "2024.07.02"]
[Round "4.21"]
[White "Salimova, Nurgyul"]
[Black "Ahmadov, Fariz"]
[Result "1-0"]
[ECO "D08"]
[WhiteElo "2436"]
[BlackElo "2178"]
[Annotator "TA"]
[PlyCount "61"]
[EventDate "2024.06.29"]
[EventType "swiss"]
[EventCountry "AZE"]
[SourceTitle "playchess.com"]
[Source "ChessBase"]
[SourceQuality "1"]
[TimeControl "5400+30"]

1. d4 d5 2. c4 e5 3. dxe5 d4 4. Nf3 Nc6 5. a3 a5 6. Nbd2 Nge7 7. Nb3 Nf5 8. Bf4 {[%emt 0:01:29] White is slightly better.} a4 9. Nc1 Be6 10. Ng5 Bxc4 11. e4 Bxf1 {[%emt 0:00:36] White now steadily converts the win.} 12. Kxf1 Nh6 13. Nd3 Qd7 14. Rc1 Nd8 15. Kg1 {[%emt 0:03:27] White is much more active.} c6 16. h4 Ne6 17. Rh3 Ng8 (17... Nxf4 $16 {was called for.} 18. Nxf4 Be7) 18. Nxe6 $18 Qxe6 19. Bh2 {[%emt 0:01:38] Threatens to win with Nf4.} Qb3 (19... Nh6 $16 {keeps fighting.} 20. Nf4 Qc8) 20. Qd2 Rd8 (20... Nh6 $142 21. Nc5 Qb5) 21. f4 (21. Nc5 $142 Qb6 22. b4 (22. Nxa4 Qb5 $16)) 21... h5 $2 {[%emt 0:04:04] [#]} (21... Nh6 {might work better.} 22. f5 Ng4) 22. f5 Nh6 23. e6 Qb5 $2 (23... fxe6 24. Bc7 (24. Nc5 Qb6 $18) 24... Rd7) 24. exf7+ {[%emt 0:02:21] White is clearly winning.} Nxf7 25. e5 Be7 (25... Nh6 $142 26. Rf3 Ng4) 26. Re1 Nh6 27. f6 Bf8 28. Qg5 Nf7 29. Qf5 {[%emt 0:00:17] [#] Intending Qe6+ and mate.} Rd7 30. Rf3 {[%emt 0:00:50] aiming for Qg6.} gxf6 31. e6 {[%emt 0:00:54] Weighted Error Value: White=0.29 (precise) /Black=0.60.  Mistake:       	White=1     	Black=6      Inaccurate:     	White=1     	Black=4      OK:         	White=7     	Black=6      Best:        	White=2     	Black=1} 1-0

[Event "Baku Open 2024"]
[Site "Baku"]
[Date "2024.07.02"]
[Round "4.22"]
[White "Suyarov, Mukhammadzokhid"]
[Black "Ajay Santhosh Parvathareddy"]
[Result "1-0"]
[ECO "B51"]
[WhiteElo "2430"]
[BlackElo "2163"]
[Annotator "TA"]
[PlyCount "137"]
[EventDate "2024.06.29"]
[EventType "swiss"]
[EventCountry "AZE"]
[SourceTitle "playchess.com"]
[Source "ChessBase"]
[SourceQuality "1"]
[TimeControl "5400+30"]

1. e4 c5 2. Nf3 d6 3. Bb5+ Nd7 4. c3 Ngf6 5. Qe2 a6 6. Ba4 b5 7. Bc2 Bb7 8. O-O Qc7 9. d4 Rc8 (9... e6 $11) 10. d5 g6 11. a4 b4 12. a5 Bg7 13. Nbd2 O-O 14. Nc4 Rfe8 15. Rd1 h6 16. Bb3 (16. Qd3 $14) 16... bxc3 (16... e6 $5 17. Nxd6 exd5 (17... Qxd6 $2 18. dxe6 Qc7 19. exf7+ Kh7 20. fxe8=N $18) 18. Nxe8 Rxe8 $15) 17. bxc3 Rb8 (17... e6 $11 18. Nxd6 exd5 (18... Qxd6 $2 19. dxe6 $18) 19. Nxc8 (19. Nxe8 Rxe8 20. e5 Ne4 $11) 19... Qxc8) 18. Ra3 {[%emt 0:03:50] White is more active.} (18. Rb1 $1 $16) 18... e6 $11 19. Nxd6 {[%emt 0:09:03] Hoping for dxe6.} exd5 (19... Qxd6 $2 20. dxe6 $18) 20. Nxe8 Rxe8 21. c4 (21. Bxd5 $2 Nxd5 (21... Nxe4 $2 22. Bf4 $18) 22. c4 Nb4 $19 (22... Nc3 $2 23. Rxc3 Bxc3 24. Qd3 $19)) 21... dxe4 22. Ne1 Ne5 $36 {[%emt 0:01:06][%cal Oe5f3][%mdl 2048] White is under pressure.} 23. Bf4 Nh5 {[%emt 0:01:15][%mdl 1024] Black has compensation. A dynamic duo of knights.} 24. Be3 f5 25. g3 Rf8 26. Qd2 {[%emt 0:01:41][%cal Od2d6] [#]} f4 27. gxf4 $14 Nd3 28. Ng2 {[%emt 0:04:34] [#]} (28. Nxd3 $14 {is the one way to stay ahead.} exd3 29. Qxd3 Nxf4 30. Qd7 (30. Bxf4 $2 Qxf4 31. Qe3 Qg4+ 32. Qg3 Qe4 $19)) 28... g5 29. fxg5 $2 (29. Bc2 $1 $11 {and White has nothing to worry.} gxf4 (29... Ndxf4 $2 30. Qd7 $18) 30. Rxd3 exd3 31. Qxd3 fxe3 32. Qh7+ Kf7 33. Qg6+ Kg8 (33... Ke7 34. Nxe3 Bf3 35. Be4 $11) 34. Qh7+ Kf7 35. Qg6+ Kg8 (35... Ke7 36. Nxe3 Bf3 37. Be4 $11) 36. Qh7+) 29... Rf3 $2 (29... Qd7 $19 30. h4 (30. gxh6 $2 Be5 $19) 30... Qh3) 30. Bc2 $11 (30. gxh6 Rh3 $17) (30. Ba4 $5 Rh3 $8 31. Nf4 $11) 30... Rh3 31. Bf4 Nhxf4 $19 32. Nxf4 Nxf4 (32... Qxf4 $2 33. Qxf4 Nxf4 34. Rxh3 (34. Rd8+ Bf8 $18) 34... Nxh3+ 35. Kf1 Nxg5 (35... hxg5 $2 36. Rd7 $18) 36. Rd7 $18) (32... Qd7 $19 {and all is fine. ( -> ...Qg4+)} 33. Rxd3 (33. Bxd3 $2 Qg4+ 34. Kf1 Rxh2 $19) 33... exd3 34. Bxd3 Bd4) 33. Qd8+ $18 {[%emt 0:00:33] White stays focused until the end.} Qxd8 34. Rxd8+ Bf8 35. Rxh3 Nxh3+ 36. Kf1 $1 Nxg5 (36... hxg5 37. Ba4 e3 (37... Nf4 $2 38. Rb8 $18) 38. fxe3) 37. Rb8 $1 Bc6 38. Rb6 $1 Be8 39. Kg2 Bf7 40. Bb3 Nf3 41. Rxa6 Nd4 42. Ba2 Be8 43. Rb6 {[%emt 0:01:14] a6 would now be deadly.} Bc6 {[%emt 0:00:03] [#] White must now prevent ...e3+.} 44. Kf1 $1 {[%emt 0:00:18] Strongly threatening a6.} Bd6 45. a6 Bc7 {[%emt 0:00:03] [#]} 46. Rb2 Ba8 47. Bb1 Bxh2 (47... Bc6 $142 48. a7 Kf7) 48. a7 Kf7 49. Rb8 Bc6 50. Rc8 (50. a8=R Bxb8 51. Rxb8 Kf6 $16) 50... Bb7 51. a8=Q (51. a8=B $2 {is the wrong capture.} Bxc8 52. Baxe4 Be6 $19) 51... Bxa8 52. Rxa8 {[%emt 0:00:08][%mdl 4096] Endgame. KRB-KBN} Be5 53. Bxe4 Kf6 54. Rg8 Bf4 55. Kg2 Ne6 56. Kf3 {[%emt 0:00:18] Threatens to win with Rg6+.} Bg5 57. Bd5 Nf4 58. Rf8+ Ke5 59. Re8+ Kd6 60. Ke4 Nh3 61. f3 Nf4 62. Rc8 Nh5 63. Rc6+ Kd7 64. Rxc5 Ng3+ 65. Ke5 {[%emt 0:00:15] And now Be6+ would win.} h5 66. f4 {[%emt 0:00:19] White mates.} Bd8 67. Be6+ Ke8 68. Rc8 h4 69. c5 {[%emt 0:00:22] Weighted Error Value: White=0.26 (precise) /Black=0.45.  Loses game:     	White=2     	---        Missed win:     	---       	Black=2      Mistake:       	White=3     	Black=5      Inaccurate:     	White=2     	Black=3      OK:         	White=31    	Black=17     Best:        	White=7     	Black=13     Strong:       	White=2     	---} 1-0